 Dungeon Crawl Stone Soup version 0.24.0-13-gcf9b319 (webtiles) character file.

Game seed: 17593608481833498355, levelgen mode: deterministic

4830 Fang the Protected (level 10, -8/66 HPs)
             Began as a Gargoyle Fighter on Dec 17, 2019.
             Was a Believer of Trog.
             Blown up by Maurice (17 damage)
             ... with a disintegration bolt
             ... on level 10 of the Dungeon.
             The game lasted 00:09:31 (8198 turns).

Fang the Protected (Gargoyle Fighter)               Turns: 8198, Time: 00:09:32

Health: -8/66      AC: 25    Str: 23    XL:     10   Next: 49%
Magic:  10/10      EV:  6    Int:  9    God:    Trog [**....]
Gold:   620        SH: 12    Dex:  9    Spells: 9/9 levels left

rFire    . . .     SeeInvis .   a - +4 war axe
rCold    . . .     Gourm    +   B - +1 shield
rNeg     + . .     Faith    .   b - +1 plate armour
rPois    ∞         Spirit   .   g - +2 helmet
rElec    +         Reflect  .   r - scarf {repulsion}
rCorr    .         Harm     .   (no gloves)
MR       ++...                  (no boots)
Stlth    ..........             x - amulet of the gourmand
HPRegen  1.21/turn              j - ring of attention (curse)
MPRegen  0.12/turn              (no ring)

@: regenerating, repel missiles
A: negative energy resistance 1, electricity resistance, unbreathing,
petrification resistance, rot immunity, AC +7
a: Berserk, Trog's Hand, Renounce Religion


You were on level 10 of the Dungeon.
You worshipped Trog.
Trog was pleased with you.
You were very full.

You visited 2 branches of the dungeon, and saw 11 of its levels.

You collected 620 gold pieces.

Inventory:

Hand Weapons
 a - a +4 war axe (weapon)
Armour
 b - a +1 plate armour (worn)
 g - a +2 helmet (worn)
 r - a scarf of repulsion (worn)
 B - a +1 shield (worn)
Jewellery
 h - an uncursed amulet of guardian spirit
 j - a cursed ring of attention (left hand)
 m - an uncursed ring of protection from magic {unknown}
 x - an amulet of the gourmand (around neck)
Wands
 i - a wand of acid (9)
 l - a wand of flame (35)
Scrolls
 k - 4 scrolls of teleportation
 o - 3 scrolls of remove curse
 y - 2 scrolls of fear
 A - 2 scrolls of magic mapping
 C - a scroll of blinking {unknown}
 D - a scroll of identify
Potions
 d - 2 potions of might
 e - 3 potions of ambrosia {unknown}
 f - a potion of resistance
 n - 2 potions of berserk rage
 p - 4 potions of heal wounds
 s - 2 potions of curing
 t - a potion of degeneration {unknown}
 u - 3 potions of agility {unknown}
 v - 3 potions of haste {unknown}
 w - 2 potions of flight
 z - 6 potions of brilliance {unknown}
Comestibles
 c - 31 rations
 q - 4 chunks of flesh


   Skills:
 + Level 9.0 Fighting
 + Level 7.1 Axes
 + Level 9.0 Armour
 + Level 8.9 Shields


You had 9 spell levels left.
You didn't know any spells.
Your spell library contained the following spells:

 Spells                   Type           Power        Failure   Level  Hunger
 Corona                   Hex            #......      100%        1    ##.....
 Ensorcelled Hibernation  Hex/Ice        #.....       100%        2    ###....
 Confuse                  Hex            #.......     100%        3    ####...
 Dazzling Spray           Conj/Hex       #.....       100%        3    ####...
 Tukima's Dance           Hex            #.......     100%        3    ####...


Dungeon Overview and Level Annotations

Branches:
Dungeon (10/15)            Temple (1/1) D:4
   Lair: D:8-11         Orc: D:9-12

Altars:
Ashenzari
Cheibriados
Dithmenos
Elyvilon
Fedhas
Gozag
Hepliaklqana
Kikubaaqudgha
Makhleb
Nemelex Xobeh
Okawaru
Qazlal
Ru
Sif Muna
Trog
Uskayaw
Vehumet
Wu Jian
Xom
Yredelemnul
Zin
The Shining One

Shops:
D:5 }

Annotations:
D:9 exclusion: ice statue
D:10 Maurice


Innate Abilities, Weirdness & Mutations

You are resistant to torment.
Your stone body is resilient. (AC +7)
You are immune to poison.
You resist negative energy. (rN+)
You are resistant to electric shocks. (rElec)
You can survive without breathing.
You are immune to petrification.
You are immune to rotting.


Message History

Maurice mumbles some strange words.
Maurice flickers and vanishes!
Deactivating autopickup; reactivate with Ctrl-A.
No target in view!
No target in view!
No target in view!
No target in view!
No target in view!
You hear a zap.
You are blasted!
You hear a zap.
You are blasted!
* * * LOW HITPOINT WARNING * * *
Your skin crawls.
You feel resistant to hostile enchantments.
You feel somewhat less full.
Okay, then.
You hear a zap.
You are blasted!
You die...

#################
#...............#
#...............# .
#...............# ..
#...............# ...
#...............#
....#####.......@.......#
......).<..!....####+#..#
......))....#####
.......#+#..# ........
#..# #..._....#..#
#........#$.#
#........#..#
#........#...


There were no monsters in sight!

Vanquished Creatures
  Harold (D:9)
  Pikel (D:9)
  Prince Ribbit (D:7)
  2 hippogriffs
  A wyvern (D:8)
  Eustachio (D:6)
  A yak (D:8)
  3 hogs (D:8)
  A human (D:8)
  Menkaure (D:6)
  An orc warrior (D:8)
  2 black bears
  2 sky beasts
  2 phantoms (D:4)
  4 centaurs
  3 scorpions
  A water moccasin skeleton (D:7)
  2 crimson imps
  2 centaur zombies
  3 hounds
  A centaur skeleton (D:5)
  4 orc priests
  Crazy Yiuf (D:7)
  4 orc wizards
  A hound skeleton (D:6)
  A worker ant zombie (D:8)
  7 gnolls
  A howler monkey skeleton (D:2)
  12 adders
  An ooze (D:1)
  An adder skeleton (D:4)
  5 worms
  3 dart slugs
  3 leopard geckos
  30 orcs
  8 giant cockroaches
  5 goblins
  9 hobgoblins
  13 jackals
  6 quokkas
  8 bats
  A frilled lizard (D:1)
  A jackal skeleton (D:5)
  6 kobolds
  13 rats
180 creatures vanquished.

Notes
Turn   | Place    | Note
-------+----------+-------------------------------------------
     0 | D:1      | Fang the Gargoyle Fighter began the quest for the Orb.
     0 | D:1      | Reached XP level 1. HP: 14/14 MP: 1/1
    88 | D:1      | Reached XP level 2. HP: 12/19 MP: 2/2
   688 | D:1      | Reached XP level 3. HP: 21/23 MP: 3/3
  1160 | D:2      | Found a stormy altar of Qazlal.
  1184 | D:2      | Reached XP level 4. HP: 28/29 MP: 4/4
  1493 | D:2      | Found a snail-covered altar of Cheibriados.
  2142 | D:3      | Reached XP level 5. HP: 26/33 MP: 5/5
  2187 | D:3      | Found a glowing silver altar of Zin.
  2446 | D:3      | Found a hide-covered altar of Uskayaw.
  2767 | D:3      | Reached XP level 6. HP: 39/39 MP: 6/6
  3383 | D:4      | Found a staircase to the Ecumenical Temple.
  3400 | Temple   | Entered the Ecumenical Temple
  3477 | Temple   | Became a worshipper of Trog the Wrathful
  3711 | D:4      | Reached skill level 5 in Armour
  3808 | D:4      | Reached skill level 5 in Fighting
  3808 | D:4      | Reached skill level 5 in Shields
  3808 | D:4      | Reached XP level 7. HP: 36/44 MP: 5/7
  4306 | D:5      | Entered Level 5 of the Dungeon
  4354 | D:5      | Found Obelampea's Gadget Shop.
  4403 | D:5      | Reached * piety under Trog
  4500 | D:5      | Found a shattered altar of Ashenzari.
  4707 | D:5      | Reached XP level 8. HP: 51/51 MP: 8/8
  4933 | D:6      | Noticed Menkaure
  4953 | D:6      | Killed Menkaure
  4980 | D:6      | Noticed Eustachio
  5008 | D:6      | Killed Eustachio
  5153 | D:6      | Found a shimmering altar of Xom.
  5370 | D:6      | Found a sparkling altar of Nemelex Xobeh.
  5562 | D:7      | Reached skill level 5 in Axes
  5572 | D:7      | Noticed Prince Ribbit
  5612 | D:7      | Found a basalt altar of Yredelemnul.
  5805 | D:7      | Found a shimmering blue altar of Sif Muna.
  5815 | D:7      | Found an ornate altar of the Wu Jian Council.
  5920 | D:7      | Found a runed translucent door.
  5920 | D:7      | Noticed Crazy Yiuf
  5932 | D:7      | Killed Crazy Yiuf
  5937 | D:7      | Killed Prince Ribbit
  5937 | D:7      | Reached XP level 9. HP: 56/56 MP: 9/9
  6144 | D:8      | Reached ** piety under Trog
  6925 | D:8      | Reached XP level 10. HP: 56/64 MP: 10/10
  7085 | D:9      | Noticed Harold
  7092 | D:9      | Paralysed by Harold for 6 turns
  7103 | D:9      | Paralysed by Harold for 5 turns
  7112 | D:9      | Paralysed by Harold for 2 turns
  7127 | D:9      | Killed Harold
  7546 | D:9      | Noticed Pikel
  7552 | D:9      | Killed Pikel
  7943 | D:9      | Noticed an ice statue
  8164 | D:10     | Entered Level 10 of the Dungeon
  8164 | D:10     | Found a bloodstained altar of Trog.
  8187 | D:10     | Noticed Maurice
  8198 | D:10     | Blown up by Maurice

Levels and vault maps discovered:
D:1:      ncdulo_watergridlock, layout_basic, minmay_pentomino_p4
D:2:      layout_basic, cheibriados_altar_1, overflow_temple_1_default,
          minmay_box_of_dots
D:3:      layout_basic, nicolae_overflow_crystal_walls, zin_academy,
          serial_glass, glass_columns_a, glass_columns_a
D:4:      layout_loops_corners, minmay_temple_entry_ruins
D:5:      layout_loops_ring, kennysheep_mini, serial_glass, glass_columns_c,
          glass_columns_b, serial_shops, shop, first_ration
D:6:      layout_rooms, nemelex_altar_shiori, basic_altar, uniq_menkaure,
          uniq_eustachio
D:7:      layout_rooms, yredelemnul_altar_generic, lemuel_crystal_altar,
          kennysheep_mini_moat, hangedman_decor_clover_reticule,
          uniq_prince_ribbit1, uniq_crazy_yiuf_cottage
D:8:      layout_basic, grunt_livestock, minmay_misc_feat_alley
D:9:      lemuel_ice_statue, layout_layer_cave, uniq_harold, uniq_pikel
D:10:     layout_irregular_city, lair_entry_dummy, david_orc_2, basic_altar,
          lemuel_mausoleum_altar_kikubaaqudgha, uniq_maurice, uniq_joseph
Temple:   dshaligram_water_room_temple

Skill      XL: |  1  2  3  4  5  6  7  8  9 10 |
---------------+-------------------------------+-----
Axes           | 2 3 4 5 6 7 |  7.1
Armour         | 4 5 7 8 9 |  9.0
Fighting       | 4 5 6 8 9 |  9.0
Shields        | 4 5 6 8 |  8.9

Action                   |  1- 3 |  4- 6 |  7- 9 | 10-12 || total
-------------------------+-------+-------+-------+-------++-------
Melee: War axe           |    82 |   272 |   313 |    70 ||   737
Invok: Berserk           |       |       |     2 |     1 ||     3
       Trog's Hand       |       |       |       |     1 ||     1
  Use: Scroll            |       |     9 |     8 |     3 ||    20
  Eat: Chunk             |     1 |     8 |    24 |     5 ||    38
Armor: Scale mail        |    41 |     6 |       |       ||    47
       Chain mail        |       |   197 |   164 |       ||   361
       Plate armour      |       |       |    54 |    59 ||   113
Dodge: Dodged            |    32 |    63 |    81 |    15 ||   191
       Deflected         |       |       |     5 |     1 ||     6
Block: Shield            |    43 |   175 |   193 |    41 ||   452
